 Dungeon Crawl Stone Soup version 0.31-a0-977-gc230f8ef24 (webtiles) character file.

Game seed: 707280280645711818

1865 sammy202020 the Fighter (level 8, -1/74 HPs)
             Began as a Minotaur Berserker on Oct 30, 2023.
             Was an Elder of Trog.
             Slain by a hornet (12 damage)
             ... on level 7 of the Dungeon.
             The game lasted 00:07:27 (4942 turns).

sammy202020 the Fighter (Minotaur Berserker)        Turns: 4942, Time: 00:07:28

Health: -1/74      AC: 14    Str: 21    XL:     8   Next: 90%
Magic:  7/7        EV: 13    Int: 10    God:    Trog [****..]
Gold:   223        SH:  0    Dex: 15    Spells: 7/7 levels left

rFire   . . .        a - +1 hand axe (heavy)
rCold   + . .        (no shield)
rNeg    . . .        h - +4 ring mail "Wecwal" {+Inv Regen+ Int+4 Dex+4}
rPois   .            (helmet restricted)
rElec   .            d - +0 cloak
rCorr   .            c - +1 pair of gloves
SInv    .            (no boots)
Will    .....        k - amulet of regeneration
Stlth   +            n - ring of protection from cold
HPRegen 1.92/turn    (no ring)
MPRegen 0.10/turn

%: no passive effects
@: slowed, very slow
A: horns 2, retaliatory headbutt
a: Renounce Religion, Evoke Invisibility, Berserk, Trog's Hand, Brothers in Arms


You were on level 7 of the Dungeon.
You worshipped Trog.
Trog was greatly pleased with you.
You visited 1 branch of the dungeon, and saw 7 of its levels.

You collected 223 gold pieces.

Inventory:

Hand Weapons
 a - a +1 heavy hand axe (weapon)
 u - a +1 flail of protection
Armour
 c - a +1 pair of gloves (worn)
 d - a +0 cloak (worn)
 f - a +0 scale mail
 h - the +4 ring mail "Wecwal" (worn) {+Inv Regen+ Int+4 Dex+4}
   (You found it on level 3 of the Dungeon)

   Int+4:     It affects your intelligence (+4).
   Dex+4:     It affects your dexterity (+4).
   +Inv:      It lets you turn invisible.
   Regen+:    It increases your rate of health regeneration.
Jewellery
 k - an amulet of regeneration (around neck)
 n - a ring of protection from cold (left hand)
 o - an amulet of faith
Wands
 j - a wand of flame (47)
 m - a wand of iceblast (22)
 r - a wand of acid (8)
Scrolls
 g - a scroll of fog
 p - a scroll of teleportation
 q - a scroll of identify
Potions
 b - a potion of curing
 e - a potion of resistance
 i - a potion of berserk rage
 l - a potion of cancellation


   Skills:
 * Level 8.3 Fighting
 * Level 8.2 Axes
 * Level 7.7 Armour
 + Level 5.2 Dodging


You had 7 spell levels left.
You didn't know any spells.
Your spell library was empty.

Dungeon Overview and Level Annotations

Branches:
Dungeon (7/15)             Temple (0/1) D:6

Altars:
Elyvilon
Fedhas
Nemelex Xobeh
Qazlal
Uskayaw
Wu Jian
Yredelemnul
The Shining One

Shops:
D:4 =


Innate Abilities, Weirdness & Mutations

You have a pair of horns on your head.
You reflexively headbutt those who attack you in melee.


Message History

The killer bee stings you!
* * * LOW HITPOINT WARNING * * *
You feel yourself speed up.
You feel very sick. The killer bee stings you.
* * * LOW HITPOINT WARNING * * *
You are more poisoned.
The killer bee poisons you!
The killer bee stings you but does no damage. x5
The ufetubus hits you but does no damage. x2
The hornet stings you but does no damage.
An orc comes into view. It is wielding a +0 hand axe.
The killer bee stings you but does no damage. x2
You can move again.
You see here 10 gold pieces.
Unknown command.
You feel better. The killer bee closely misses you.
The killer bee barely misses you. The ufetubus closely misses you. x2
The hornet barely misses you. The killer bee closely misses you.
You furiously retaliate!
You headbutt the killer bee. The killer bee stings you.
* * * LOW HITPOINT WARNING * * *
The killer bee closely misses you. You furiously retaliate!
You headbutt the killer bee!
The killer bee stings you but does no damage.
The orc hits you from afar with a +0 trident.
* * * LOW HITPOINT WARNING * * *
The ufetubus barely misses you. You furiously retaliate!
You headbutt the ufetubus!
You kill the ufetubus!
Trog accepts your kill. The hornet stings you.
* * * LOW HITPOINT WARNING * * *
You feel yourself slow down. The killer bee closely misses you.
The killer bee stings you!
* * * LOW HITPOINT WARNING * * *
The killer bee closely misses you.
The killer bee stings you but does no damage. x3
The hornet stings you!
You die...

.. #..........#
#.##..........##
#............(.## # #
#.........>.....####.
#.#.##....................
....................<.....
..........................
......o)y.................
...o..{yy@......).........
..o..os.yy.......)).......
........yy.....)))...###..
##.....###.....†))...# ##
##...# ##..........# #...
##....###...# #..# #....#
#...# #.. ##...# #...#
#...# #...


You could see a hornet, a scorpion, 6 killer bees, an orc wizard and 3 orcs.

Vanquished Creatures
  The ghost of Maxmaps the Changeling, an amateur OpSh (D:5)
  Sigmund (D:3)
  2 black bears
  A sky beast (D:6)
  2 ogres
  A bullfrog (D:5)
  2 kobold brigands
  2 scorpions
  A howler monkey (D:7)
  4 hounds (D:5)
  A gnoll bouda (D:7)
  2 jellies
  Natasha (thrice) (D:2)
  3 iguanas (D:6)
  An orc wizard (D:3)
  Robin (D:3)
  11 gnolls
  8 adders
  2 shadow imps
  An ufetubus (D:7)
  5 worms
  3 dart slugs (D:1)
  11 orcs
  2 ball pythons (D:2)
  4 bats
  4 endoplasms
  3 giant cockroaches
  20 goblins
  8 hobgoblins
  6 jackals
  5 quokkas
  4 frilled lizards
  12 kobolds
  9 rats
146 creatures vanquished.

Notes
Turn   | Place    | Note
-------+----------+-------------------------------------------
     0 | D:1      | sammy202020 the Minotaur Berserker began the quest for the
                  | Orb.
     0 | D:1      | Reached XP level 1. HP: 19/19 MP: 0/0
   277 | D:1      | Reached XP level 2. HP: 27/27 MP: 1/1
   485 | D:1      | Found a faded altar of an unknown god.
   777 | D:2      | Noticed Natasha
   786 | D:2      | Killed Natasha
   786 | D:2      | Reached ** piety under Trog
   787 | D:2      | Reached XP level 3. HP: 26/33 MP: 2/2
   893 | D:2      | Noticed Natasha
   900 | D:2      | Killed Natasha
   901 | D:2      | Reached XP level 4. HP: 20/41 MP: 3/3
  1198 | D:2      | Noticed Natasha
  1213 | D:2      | Killed Natasha
  1780 | D:3      | Noticed Sigmund
  1793 | D:3      | Reached XP level 5. HP: 47/47 MP: 4/4
  1794 | D:3      | Killed Sigmund
  1795 | D:3      | Reached skill level 5 in Fighting
  1795 | D:3      | Reached skill level 5 in Axes
  1795 | D:3      | Reached XP level 6. HP: 56/56 MP: 5/5
  2017 | D:3      | Identified the +4 ring mail "Wecwal" {+Inv Regen+ Int+4
                  | Dex+4}
  2110 | D:3      | Found a hide-covered altar of Uskayaw.
  2110 | D:3      | Noticed Robin
  2122 | D:3      | Killed Robin
  2562 | D:4      | Reached *** piety under Trog
  2563 | D:4      | Reached skill level 5 in Armour
  2648 | D:4      | Found a white marble altar of Elyvilon.
  2783 | D:4      | Found Cuoss's Jewellery Shop.
  2827 | D:4      | Reached XP level 7. HP: 48/63 MP: 6/6
  2993 | D:5      | Entered Level 5 of the Dungeon
  3531 | D:5      | Found a runed translucent door.
  3533 | D:5      | Noticed Maxmaps's ghost (amateur OpSh)
  3552 | D:5      | Killed Maxmaps's ghost
  3553 | D:5      | Reached XP level 8. HP: 73/73 MP: 7/7
  4246 | D:6      | Found a staircase to the Ecumenical Temple.
  4353 | D:6      | Found an ornate altar of the Wu Jian Council.
  4722 | D:6      | Reached **** piety under Trog
  4730 | D:6      | Reached skill level 5 in Dodging
  4809 | D:6      | Found a blossoming altar of Fedhas.
  4813 | D:6      | Found a sparkling altar of Nemelex Xobeh.
  4818 | D:6      | Found a stormy altar of Qazlal.
  4819 | D:6      | Found a basalt altar of Yredelemnul.
  4821 | D:6      | Found a glowing golden altar of the Shining One.
  4931 | D:7      | Noticed a hornet
  4936 | D:7      | Paralysed by a hornet for 2 turns
  4939 | D:7      | Paralysed by a hornet for 2 turns
  4942 | D:7      | Slain by a hornet

Illustrated notes

Levels and vault maps discovered:
D:1:      lemuel_arrival_funnel, layout_loops_ring,
          hellmonk_ecumenical_altar_heavens_door
D:2:      layout_loops_cross, minmay_misc_feat_pillars, uniq_natasha
D:3:      layout_loops_ring, mainiacjoe_overflow_surrounded_room,
          amethyst_killhole, uniq_robin, uniq_sigmund
D:4:      layout_rooms, elyvilon_altar_3, serial_shops, shop,
          minmay_ogre_servants
D:5:      layout_basic, ebering_ghost_sewer_d
D:6:      layout_basic, nzn_wu_jian_council_hall, minitemple,
          minmay_temple_entry_hall, grunt_ministairs_1, minmay_crystal_water,
          minmay_misc_feat_chi, grunt_decor_fettered
D:7:      layout_layer_cave, serial_shops, nicolae_shop_behind_doors,
          dreamdust_princess_bridge, minmay_diced_spiral, uniq_jeremiah

Skill      XL: |  1  2  3  4  5  6  7  8 |
---------------+-------------------------+-----
Fighting       | 4 5 6 7 8 |  8.3
Axes           | 4 5 6 7 8 |  8.2
Armour         | 3 4 5 6 7 |  7.7
Dodging        | 3 4 5 |  5.2

Action                     |  1- 3 |  4- 6 |  7- 9 || total
---------------------------+-------+-------+-------++-------
  Melee: Hand axe          |    60 |   123 |   155 ||   338
         Headbutt          |    12 |    16 |    25 ||    53
         Punch             |     1 |     2 |     2 ||     5
 Invoke: Berserk           |       |     3 |     3 ||     6
         Trog's Hand       |       |     1 |       ||     1
    Use: Scroll            |     2 |     4 |     6 ||    12
         Potion            |       |     3 |     5 ||     8
 Armour: Leather armour    |    15 |       |       ||    15
         Scale mail        |    23 |    36 |       ||    59
         Ring mail         |       |    41 |   184 ||   225
  Dodge: Dodged            |    26 |    58 |   144 ||   228

Table legend: (Time is in decaauts)
 A = Elapsed time spent in this place.
 B = Non-inter-level travel time spent in this place.
 C = Inter-level travel time spent in this place.
 D = Time resting spent in this place.
 E = Time spent auto-exploring this place.
 F = Levels seen in this place.
 G = Mean time per level.
                   A        B        C        D        E       F      G
               +--------+--------+--------+--------+--------+-----+--------+
         Total |   5053 |   5053 |      0 |    305 |   3684 |   7 |  721.9 |
       Dungeon |   5053 |   5053 |      0 |    305 |   3684 |   7 |  721.9 |
               +--------+--------+--------+--------+--------+-----+--------+

Top non-repeatable levels by time:
     D:2: 1125 daAuts
     D:5: 1039 daAuts
     D:6: 900 daAuts
     D:3: 809 daAuts
     D:1: 649 daAuts
     D:4: 452 daAuts
     D:7: 76 daAuts
